 Dungeon Crawl Stone Soup version 0.21.0-3-g78d12a8 (webtiles) character file.

315 Faca the Skirmisher (level 6, -1/52 HPs)
             Began as a Formicid Fighter on Jan 17, 2018.
             Slain by an iguana (5 damage)
             ... on level 4 of the Dungeon.
             The game lasted 00:04:39 (2810 turns).

Faca the Skirmisher (Formicid Fighter)              Turns: 2810, Time: 00:04:40

Health: -1/52      AC:  9    Str: 21    XL:     6   Next: 72%
Magic:  6/6        EV: 10    Int:  7    God:
Gold:   180        SH: 10    Dex: 17    Spells: 5/5 levels left

rFire    . . .     SeeInvis +   o - +2 hand axe (chop)
rCold    . . .     Gourm    .   c - +0 shield
rNeg     + . .     Faith    .   n - +0 chain mail
rPois    +         Spirit   .   (helmet unavailable)
rElec    .         Reflect  .   (no cloak)
rCorr    .         Harm     .   (no gloves)
MR       .....                  (no boots)
Stlth    ..........             (no amulet)
HPRegen  0.17/turn              j - ring of positive energy
MPRegen  0.10/turn              s - ring of poison resistance

@: agile
A: permanent stasis, dig shafts and tunnels, four strong arms, antennae 3
a: Dig, Shaft Self


You were on level 4 of the Dungeon.
You were not hungry.

You visited 1 branch of the dungeon, and saw 4 of its levels.

You collected 180 gold pieces.

Inventory:

Hand Weapons
 a - a +0 war axe
 o - a +2 hand axe of chopping (weapon)
Armour
 c - a +0 shield (worn)
 n - a +0 chain mail (worn)
Jewellery
 j - a ring of positive energy (left hand)
 s - a ring of poison resistance (right hand)
Scrolls
 e - a scroll of identify {unknown}
 g - a scroll of magic mapping {unknown}
 h - a scroll of remove curse {unknown}
 i - a scroll of amnesia {unknown}
 k - a scroll of enchant armour {unknown}
 r - a scroll of teleportation {unknown}
Potions
 b - a potion of magic {unknown}
 d - a potion of might
 l - a potion of agility
 m - a potion of ambrosia {unknown}
 p - a potion of curing {unknown}
 q - a potion of haste {unknown}
Comestibles
 f - 2 rations


   Skills:
 * Level 5.9 Fighting
 * Level 4.8 Axes
 - Level 3.2 Armour
 - Level 3.6 Shields


You had 5 spell levels left.
You didn't know any spells.

Dungeon Overview and Level Annotations

Branches:
Dungeon (4/15)
 Temple: D:4-7

Altars:
Dithmenos
Gozag
Ru
Zin


Innate Abilities, Weirdness & Mutations

You cannot be hasted, slowed, berserked, paralysed or teleported.
You can dig through walls and to a lower floor.
Your four strong arms can wield two-handed weapons with a shield.
You have a pair of large antennae on your head. (SInv)


Message History

The iguana bites you.
* * * LOW HITPOINT WARNING * * *
There is a stone staircase leading up here.
It was a potion of agility.
You feel agile all of a sudden. You block the iguana's attack.
You hit the iguana.
The iguana is moderately wounded.
The iguana bites you.
* * * LOW HITPOINT WARNING * * *
You hit the iguana.
The iguana is severely wounded.
The iguana barely misses you.
You barely miss the iguana.
The iguana is severely wounded.
The iguana completely misses you.
Your shield prevents you from hitting the iguana.
The iguana is severely wounded.
The iguana bites you.
You die...

##### ## #... .##
#########.########..##
#......@l....[)....#.#
#.#######<#...####..####
#.# #.......)))..)>....
#.# #.##.#...####..##.#
#.# # #.##.## ..# #.#
#.##.#### ..# #.#
#.#.....# ..# #.#
#.#†##...#..# #.# ###.
#......


You could see an iguana.

Vanquished Creatures
  An orc priest (D:3)
  4 orc wizards
  9 adders
  2 oozes (D:1)
  A worm (D:3)
  2 dart slugs
  12 orcs
  3 giant cockroaches
  4 goblins
  5 hobgoblins
  8 jackals
  2 quokkas
  8 bats
  A frilled lizard (D:3)
  4 kobolds
  6 rats
72 creatures vanquished.

Notes
Turn   | Place    | Note
-------+----------+-------------------------------------------
     0 | D:1      | Faca the Formicid Fighter began the quest for the Orb.
     0 | D:1      | Reached XP level 1. HP: 18/18 MP: 1/1
    50 | D:1      | Reached XP level 2. HP: 13/24 MP: 2/2
   350 | D:1      | Reached XP level 3. HP: 29/30 MP: 3/3
   370 | D:1      | Reached skill level 4 in Fighting
   650 | D:2      | Found a shadowy altar of Dithmenos.
   683 | D:2      | HP: 2/45 [poisoned by an adder]
   983 | D:2      | Reached XP level 4. HP: 33/37 MP: 4/4
  1357 | D:2      | Reached XP level 5. HP: 31/43 MP: 5/5
  1535 | D:2      | Found a sacrificial altar of Ru.
  1936 | D:3      | Found a glowing silver altar of Zin.
  2045 | D:3      | Reached skill level 5 in Fighting
  2054 | D:3      | Reached XP level 6. HP: 24/51 MP: 6/6
  2790 | D:4      | Found an opulent altar of Gozag.
  2810 | D:4      | Slain by an iguana

Skill      XL: |  1  2  3  4  5 |
---------------+----------------+-----
Fighting       | 4 5 |  5.9
Axes           | 3 4 |  4.8
Armour         | |  3.2
Shields        | |  3.6

Action                   |  1- 3 |  4- 6 || total
-------------------------+-------+-------++-------
Melee: War axe           |    88 |   120 ||   208
       Hand axe          |       |    62 ||    62
 Abil: Dig               |       |     1 ||     1
  Use: Potion            |     1 |     1 ||     2
  Eat: Chunk             |       |     2 ||     2
       Ration            |       |     2 ||     2
Armor: Scale mail        |    47 |    66 ||   113
       Skin              |    12 |       ||    12
       Chain mail        |       |    20 ||    20
Dodge: Dodged            |    23 |    71 ||    94
Block: Shield            |    47 |   132 ||   179
